cohdb
Replays
Latest Replays
All Replays
Popular Replays
Top Player Replays
Match Explorer
How It Works
Community
CoH3 Stats
Reddit
Sign in to upload your games and track your stats! →
Sign in with Steam
Match 42482729
Unlisted
Match 42482729
Overview
Messages
Build Orders
End
Panzergrenadier Squad
250 Light Carrier
Selects Armored Support Battlegroup
Panzergrenadier Squad
Construct Light Support Kompanie
2.5-tonne Medical Truck
Fire Support Elements
Selects Salvage Kits
Construct Panzerarmee Kommand
Vehicle Survival Package
Pak 38 Mechanized Group
Selects Panzer Storm
Selects Veteran Gunners
Selects Flammpanzer III Medium Tank
Walking Stuka Rocket Launcher
Panzerpioneer Squad
Pak 38 Anti-tank Gun Team
le.IG 18 Support Gun Team
Emergency Repair Kits
Walking Stuka Rocket Launcher
Selects Veteran Gunners
Tungsten Core Ammunition
Advanced Field Repairs
Selects Panzer Storm
Selects Stuka Anti-tank Loiter
Panzer III L Medium Tank
Rapid Advance
Advanced Optics
Selects Flammpanzer III Medium Tank
Panzer III L Medium Tank
Panzerpioneer Squad
Panzer III L Medium Tank
「𝓞𝓓𝓢𝓣」剑钟仙
Newkid456
surridgez
Dolan Tittenberg
wila
LittleFatty233
Epithancev
Liamster
0
0
Comments
sign in to comment!
No comments posted yet!